Map: 奥德赛 - 天梯版

Players

hahahaah

  • Race: Protoss Protoss
  • Spawn Location: 11:00

电脑难度(新手) - Winner!

  • Race: Protoss Protoss
  • Spawn Location: 5:00

VOD

Have the link to the VOD?

Description

Time

  • Played on: Nov. 27, 2017, 10:45 p.m.
  • Length: 9:10
Show
View Real Time Build Order
Export as new Build Order

hahahaah Protoss 

Build Orders: 1 Gate Expand, Zealot Archon 

Get SALT Encoding   

  12  0:02  Probe  
  13  0:14  Probe  
  14  0:18  Pylon  
  14  0:26  Probe (Chrono Boost)  
  15  0:37  Gateway  
  15  0:38  Probe (Chrono Boost)  
  17  0:44  Probe (Chrono Boost)  
  17  0:50  Assimilator  
  17  0:52  Probe  
  18  1:04  Probe  
  19  1:16  Probe  
  20  1:24  Nexus  
  20  1:33  Cybernetics Core  
  20  1:36  Probe  
  21  1:46  Pylon  
  21  1:48  Probe  
  21  1:51  Assimilator  
  22  2:00  Probe  
  23  2:09  Warp Gate  
  23  2:13  Probe (Chrono Boost)  
  24  2:16  Stalker (Chrono Boost)  
  27  2:25  Probe (Chrono Boost)  
  27  2:27  Probe  
  28  2:38  Probe (Chrono Boost)  
  28  2:40  Stalker  
  28  2:43  Gateway  
  32  2:44  Probe (Chrono Boost)  
  32  2:50  Probe (Chrono Boost)  
  34  2:55  Probe x2 (Chrono Boost)  
  35  3:03  Probe (Chrono Boost)  
  37  3:09  Probe (Chrono Boost)  
  37  3:10  Stalker  
  39  3:15  Probe (Chrono Boost)  
  42  3:22  Probe x2 (Chrono Boost)  
  42  3:23  Stargate  
  42  3:27  Pylon  
  42  3:29  Probe x2  
  42  3:33  Stalker  
  46  3:45  Probe x2  
  50  3:57  Pylon, Probe  
  50  3:59  Probe  
  52  4:05  Nexus  
  52  4:08  Oracle  
  52  4:09  Probe  
  54  4:11  Pylon  
  54  4:15  Assimilator, Probe  
  54  4:16  Assimilator  
  55  4:21  Probe  
  56  4:27  Probe  
  57  4:33  Stalker  
  57  4:34  Sentry, Probe  
  62  4:40  Probe  
  62  4:44  Phoenix  
  65  4:46  Probe (Chrono Boost)  
  65  4:52  Probe (Chrono Boost)  
  67  4:53  Twilight Council  
  67  4:59  Probe (Chrono Boost)  
  68  5:04  Gateway, Probe (Chrono Boost)  
  70  5:07  Gateway, Probe (Chrono Boost)  
  70  5:09  Gateway  
  70  5:13  Gateway  
  70  5:17  Phoenix, Probe x2  
  70  5:18  Probe  
  70  5:19  Pylon  
  75  5:27  Pylon  
  75  5:29  Probe x2  
  75  5:31  Probe (Chrono Boost)  
  75  5:32  Charge  
  78  5:37  Assimilator  
  78  5:39  Assimilator  
  78  5:41  Probe (Chrono Boost)  
  78  5:42  Phoenix, Probe (Chrono Boost)  
  83  5:45  Probe (Chrono Boost)  
  86  5:50  Forge  
  86  5:51  Forge  
  86  5:52  Gateway  
  86  5:54  Probe x3 (Chrono Boost)  
  86  5:57  Gateway  
  86  6:00  Gateway  
  86  6:12  Gateway  
  86  6:14  Gateway  
  86  6:16  Gateway  
  86  6:19  Gateway  
  86  6:23  Gateway  
  86  6:33  Templar Archives  
  86  6:34  Pylon  
  86  6:36  Protoss Ground Armor Level 1 (Chrono Boost), Protoss Ground Weapons Level 1 (Chrono Boost)  
  86  6:46  Zealot x5  
  96  7:11  Pylon  
  96  7:12  Pylon x2  
  96  7:17  Pylon  
  96  7:18  Pylon  
  96  7:20  High Templar x6  
  108  7:28  Pylon  
  108  7:30  Pylon  
  108  7:34  Zealot  
  108  7:35  Zealot x5  
  108  7:36  Archon  
  120  7:38  Zealot  
  122  7:49  Pylon  
  122  7:51  Pylon  
  122  7:53  Pylon  
  122  7:54  Zealot x4  
  122  7:55  Zealot x2  
  122  7:56  Zealot x6  
  146  8:00  High Templar  
  146  8:02  Pylon  
  146  8:03  Pylon  
  148  8:16  High Templar x4  
  148  8:17  High Templar x2  
  148  8:18  High Templar  
  148  8:19  Zealot  
  164  8:20  Zealot  
  164  8:21  Zealot  
  164  8:24  Zealot  
  164  8:26  Archon  
  164  8:27  Archon x2  
  170  8:28  Zealot  
  170  8:33  Zealot  
  174  8:41  Zealot x2  
  176  8:42  Zealot  
  176  8:48  Zealot x4  
  184  8:49  Zealot  
  184  8:50  High Templar  
  184  8:51  High Templar  
  184  8:53  High Templar  
  184  8:55  High Templar  
  198  8:56  Probe  
  198  8:57  Probe  
  200  9:06  Pylon  
Show
View Real Time Build Order
Export as new Build Order

电脑难度(新手) Protoss - Winner!

Build Orders:  

Get SALT Encoding   

  12  0:00  Probe  
  13  0:13  Probe  
  14  0:20  Pylon  
  14  0:37  Assimilator  
  14  0:42  Gateway  
  14  0:46  Pylon  
  14  1:13  Assimilator  
  14  1:20  Probe  
  15  1:32  Cybernetics Core  
  15  1:33  Probe  
  16  1:45  Probe  
  17  1:57  Probe  
  18  2:08  Warp Gate  
  18  2:09  Probe  
  18  2:10  Stalker  
  21  2:21  Probe  
  22  5:29  Zealot  
  22  5:30  Probe  
  22  5:32  Pylon  
  22  5:34  Robotics Facility  
  25  5:42  Probe  
  26  5:54  Probe  
  27  6:06  Probe  
  27  6:10  Pylon  
  26  6:18  Probe  
  27  6:23  Zealot  
  27  6:24  Observer  
  30  6:30  Probe  
  31  6:45  Observer  
  31  7:10  Nexus  
  31  7:17  Stalker  
  33  8:23  Probe  
  34  8:30  Assimilator, Probe  
  35  8:34  Assimilator  
  35  8:37  Probe  
  36  8:44  Probe  
  37  8:51  Probe  
Tags
 
Add a new tag
Caveats
  • Supply blocks, unpowered buildings, or Contaminate may cause inaccurate times.
  • Supply counts are checked every 10 seconds.